 Dungeon Crawl Stone Soup version 0.29-a0-338-g1ff7896281 (webtiles) character file.

Game seed: 16111225000933426866

435 spaghetti the Covered (level 6, -8/55 HPs)
             Began as a Deep Dwarf Fighter on Apr 18, 2022.
             Was a Priest of Zin.
             Mangled by a gnoll sergeant
             ... wielding a +0 spear of pain
              (9 damage)
             ... on level 4 of the Dungeon.
             The game lasted 00:05:48 (2112 turns).

spaghetti the Covered (Deep Dwarf Fighter)          Turns: 2112, Time: 00:05:49

Health: -8/55      AC:  7    Str: 19    XL:     6   Next: 68%
Magic:  5/5        EV: 10    Int: 11    God:    Zin [***...]
Gold:   174        SH:  5    Dex: 12    Spells: 5/5 levels left

rFire   . . .      SeeInvis .   a - +1 war axe {axe}
rCold   . . .      Faith    .   c - +1 buckler
rNeg    . . .      Spirit   .   b - +0 scale mail
rPois   .          Reflect  .   (no helmet)
rElec   .          Harm     .   (no cloak)
rCorr   .          Rampage  .   (no gloves)
Will    .....                   (no boots)
Stlth   ..........              (no amulet)
HPRegen 0.00/turn               (no ring)
MPRegen 0.09/turn               (no ring)

@: no status effects
A: damage resistance, heal wounds, sense surroundings 1, no regeneration, clever
1, clumsy 1, screaming 1
a: Heal Wounds, Renounce Religion, Recite, Vitalisation, Imprison, Donate Gold


You were on level 4 of the Dungeon.
You worshipped Zin.
Zin was most pleased with you.
You visited 1 branch of the dungeon, and saw 4 of its levels.

You collected 193 gold pieces.
You donated 19 gold pieces to Zin.


Innate Abilities, Weirdness & Mutations

You are resistant to damage.
You can heal yourself by infusing magical energy.
You passively map a small area around you.
You do not regenerate.
Your mind is acute. (Int +2)
You are clumsy. (Dex -2)
You occasionally shout uncontrollably at your foes.


   Skills:
 - Level 2.6 Fighting
 - Level 2.1 Axes
 * Level 7.1 Armour
 + Level 4.1 Dodging
 - Level 3.2 Shields


You had 5 spell levels left.
You didn't know any spells.
Your spell library contained the following spells:

 Spells                   Type           Power      Damage    Failure   Level
 Blink                    Tloc           0%         N/A       88%         2
 Gell's Gravitas          Tloc           0%         N/A       98%         3
 Lesser Beckoning         Tloc           0%         N/A       98%         3
 Teleport Other           Tloc           0%         N/A       98%         3
 Manifold Assault         Tloc           0%         N/A       100%        5
 Dispersal                Tloc           0%         N/A       100%        6

Inventory:

Hand Weapons
 a - a +1 war axe (weapon) {axe}
 i - the +0 hand axe of Rubbish {vorpal, rElec rF++ rCorr Str-3, axe}
   (You found it on level 4 of the Dungeon)

   It inflicts extra damage upon your enemies.
   Str:       It affects your strength (-3).
   rF:        It greatly protects you from fire.
   rElec:     It insulates you from electricity.
   rCorr:     It protects you from acid and corrosion.
Missiles
 f - 44 stones (quivered) {throwing}
 p - 5 poisoned darts {throwing}
Armour
 b - a +0 scale mail (worn)
 c - a +1 buckler (worn)
Magical Staves
 g - a staff of earth {!astaff}
   (You found it on level 1 of the Dungeon)
 h - a staff of cold {!astaff}
   (You found it on level 1 of the Dungeon)
Jewellery
 l - an amulet of the acrobat
   (You took it off a hobgoblin on level 3 of the Dungeon)
 q - a ring of see invisible
   (You found it on level 3 of the Dungeon)
Scrolls
 e - a scroll of blinking {!r}
 m - a scroll of teleportation {@r4}
 r - a scroll of identify {@r1}
Potions
 d - 3 potions of might
 j - 2 potions of brilliance
 n - a potion of mutation {forbidden!q}

Dungeon Overview and Level Annotations

Branches:
Dungeon (4/15)
 Temple: D:4-7

Altars:
Kikubaaqudgha
Zin

Shops:
D:1

[ ### #.# #>.....##### ...
, , #.# #....#.# ### * #.#
#.#.##.# ... * ##.##
#.#<##.# * ##. , ≈≈ ≈≈≈#
#.#.#..# ** ≈*
#≈###.#.#.###
######≈.##.#.#... * #≈
#.gg#≈≈#.#.#....#* .
#≈≈#$.g@...#..###..# * .. ,
#≈≈#..)#W≈..#.###..# ..#
####≈#######≈..(......#
...# #...≈##≈
≈##≈##.......# .#..#
#.##≈≈≈≈≈≈≈≈≈#........#..♣*
....#
#.#*#.#####.............♣ *
.#.## #.# #.#
#.##............. ...# #.#
#.# #. ##...###.#...♣ >..#
#.# #.# , #..## #.# ♣♣♣


You could see a phantom, a gnoll sergeant and 2 gnolls.


Message History

The bat hits you but does no damage. The bat barely misses you.
You block Eustachio's attack.
You slash Eustachio! You miss the bat. The bat hits you but does no damage.
Eustachio barely misses you. The bat closely misses you.
You miss Eustachio. You barely miss the bat. The bat barely misses you.
Eustachio hits you but does no damage.
Eustachio mumbles some strange words.
You slash Eustachio!
You kill Eustachio!
The bat disappears in a puff of smoke! x3
You feel your dexterity returning.
Your Armour skill increases to level 7!
Your Dodging skill increases to level 4!
Unknown command.
i - the +0 hand axe of Rubbish {vorpal, rElec rF++ rCorr Str-3, axe}
Things that are here:
a +0 falchion {long}; a +0 leather armour; the human corpse of Eustachio You pay a tithe of 1 gold.
You now have 162 gold pieces (gained 12).
f - 43 stones {throwing} (gained 1)
f - 44 stones {throwing} (gained 1)
You pay a tithe of 2 gold.
You now have enough gold to buy a spiked ring mail on D:1, or buy a twisted scale mail on D:1.
You can access your shopping list by pressing '$'.
You now have 174 gold pieces (gained 12).
As you open the door, it creaks loudly!
A gnoll sergeant and 4 gnolls come into view.
The gnoll sergeant is wielding a +0 spear of pain.
The gnoll sergeant shouts!
The gnoll shouts!
The gnoll throws a throwing net.
The throwing net barely misses you.
There are monsters nearby!
You feel a little less mighty now.
The gnoll sergeant hits you with a +0 spear of pain.
You writhe in agony.
The gnoll hits you from afar with a +0 halberd.
You block the gnoll's attack.
There is an open door, spattered with blood here.
You hit the gnoll sergeant but do no damage.
You hit the gnoll. x2
The gnoll sergeant hits you with a +0 spear of pain.
* * * LOW HITPOINT WARNING * * *
You writhe in agony.
* * * LOW HITPOINT WARNING * * *
You block the gnoll's attack. The gnoll closely misses you.
You block the gnoll's attack. You block the gnoll sergeant's attack.
The gnoll closely misses you. The gnoll barely misses you.
A phantom comes into view.
The gnoll hits you but does no damage. 😨 HP[-5]
You take 5 damage, and now have 14/55 hp.
You closely miss the gnoll sergeant. You hit the gnoll. x2
The gnoll sergeant closely misses you. The gnoll hits you but does no damage.
You block the gnoll's attack. The gnoll closely misses you.
You hit the gnoll sergeant. You hit the gnoll. You barely miss the gnoll.
The gnoll sergeant hits you with a +0 spear of pain!
* * * LOW HITPOINT WARNING * * *
You writhe in agony.
The gnoll hits you but does no damage. The gnoll closely misses you.
The gnoll barely misses you. 😱 HP[-5]
You take 5 damage, and now have 9/55 hp.
You feel much better.
The gnoll sergeant hits you with a +0 spear of pain!
The gnoll closely misses you. You block the phantom's attack.
You block the gnoll's attack.
The gnoll hits you but does no damage. 😮 HP[+21]
You regained 21 hp, and now have 30/55 hp.
Unknown command.
You closely miss the gnoll sergeant. You closely miss the gnoll.
You slash the phantom! You hit the gnoll but do no damage.
The gnoll sergeant barely misses you. You block the gnoll's attack.
The phantom barely misses you. The gnoll hits you but does no damage.
The gnoll hits you from afar with a +0 halberd.
The gnoll sergeant hits you with a +0 spear of pain!
* * * LOW HITPOINT WARNING * * *
The gnoll hits you with a +0 flail.
* * * LOW HITPOINT WARNING * * *
The gnoll misses you. The phantom hits you.
You block the gnoll's attack. 😨 HP[-8]
You take 8 damage, and now have 22/55 hp.
Unknown command.
Unknown command.
You closely miss the gnoll sergeant. You hit the gnoll.
You hit the phantom but do no damage. You slash the gnoll!
You kill the gnoll!
The gnoll sergeant hits you with a +0 spear of pain.
You writhe in agony.
You block the phantom's attack. The gnoll barely misses you. x2
You slash the gnoll sergeant! You slash the gnoll!
You kill the gnoll!
You closely miss the phantom. You barely miss the gnoll.
The gnoll sergeant hits you with a +0 spear of pain!
* * * LOW HITPOINT WARNING * * *
You writhe in agony.
The gnoll hits you from afar with a +0 halberd!
* * * LOW HITPOINT WARNING * * *
The phantom hits you but does no damage.
The gnoll hits you with a +0 flail!
* * * LOW HITPOINT WARNING * * *
The gnoll sergeant hits you with a +0 spear of pain!
You die...

Skill      XL: |  1  2  3  4  5  6 |
---------------+-------------------+-----
Dodging        | 1 2 3 4 |  4.1
Armour         | 4 5 6 7 |  7.1
Fighting       | |  2.6
Axes           | |  2.1
Shields        | |  3.2

Action                   |  1- 3 |  4- 6 || total
-------------------------+-------+-------++-------
Melee: War axe           |    68 |   167 ||   235
Throw: Stone             |       |    17 ||    17
Invok: Vitalisation      |       |     1 ||     1
 Abil: Heal Wounds       |       |     3 ||     3
  Use: Potion            |       |    11 ||    11
       Scroll            |       |     4 ||     4
 Stab: Invisible         |       |     3 ||     3
Armor: Scale mail        |    28 |    78 ||   106
       Skin              |       |    26 ||    26
Dodge: Dodged            |    28 |   143 ||   171
Block: Buckler           |    12 |    68 ||    80

Levels and vault maps discovered:
D:1:      lightli_arrival_flooded_house, layout_loops_ring, serial_shops,
          nicolae_shop_statue_plus, shapermc_ecumenical_altar_acropolis
D:2:      layout_basic, st_stairs_12
D:3:      layout_rooms, lemuel_crystal_altar, minmay_misc_feat_roman
D:4:      layout_loops_ring, nicolae_ru_sacrificial_ziggurat, lightli_minifort,
          uniq_crazy_yiuf_cottage, uniq_eustachio

Notes
Turn   | Place    | Note
-------+----------+-------------------------------------------
     0 | D:1      | spaghetti the Deep Dwarf Fighter began the quest for the
                  | Orb.
     0 | D:1      | Reached XP level 1. HP: 20/20 MP: 1/1
     0 | D:1      | magus.rc [v1.9.6]
   117 | D:1      | Reached XP level 2. HP: 27/27 MP: 2/2
   130 | D:1      | Reached skill level 1 in Dodging
   148 | D:1      | Found a faded altar of an unknown god.
   162 | D:1      | Prayed at the altar of an unknown god.
   162 | D:1      | Became a worshipper of Zin the Law-Giver
   162 | D:1      | Reached * piety under Zin
   256 | D:1      | Reached skill level 4 in Armour
   456 | D:1      | Reached ** piety under Zin
   459 | D:1      | Found Naoroeni's Antique Armour Emporium.
   637 | D:2      | Reached XP level 3. HP: 30/33 MP: 3/3
   641 | D:2      | Noticed a phantom
   647 | D:2      | Killed a phantom
   648 | D:2      | Reached skill level 5 in Armour
   648 | D:2      | Reached skill level 2 in Dodging
   648 | D:2      | Reached XP level 4. HP: 29/40 MP: 4/4
  1295 | D:3      | Noticed a scorpion
  1295 | D:3      | Found an ancient bone altar of Kikubaaqudgha.
  1307 | D:3      | Killed a scorpion
  1308 | D:3      | Reached skill level 3 in Dodging
  1308 | D:3      | Reached XP level 5. HP: 25/46 MP: 2/5
  1425 | D:3      | Reached skill level 6 in Armour
  1437 | D:3      | You add the spells Gell's Gravitas, Teleport Other and
                  | Dispersal to your library.
  1555 | D:3      | Reached *** piety under Zin
  1923 | D:4      | You pick up a book of Spatial Translocations and begin
                  | reading...
  1923 | D:4      | You add the spells Blink, Lesser Beckoning and Manifold
                  | Assault to your library.
  1948 | D:4      | Reached XP level 6. HP: 39/55 MP: 6/6
  2005 | D:4      | Noticed Eustachio
  2038 | D:4      | Gained mutation: You are clumsy. (Dex -2) [potion of
                  | mutation]
  2038 | D:4      | Gained mutation: You occasionally shout uncontrollably at
                  | your foes. [potion of mutation]
  2038 | D:4      | Gained mutation: Your mind is acute. (Int +2) [potion of
                  | mutation]
  2047 | D:4      | HP: 19/82 [white imp/puff of frost[Eustachio] (6)]
  2051 | D:4      | HP: 4/55 [river rat[Eustachio] (6)]
  2064 | D:4      | HP: 10/55 [shadow imp/nerve-wracking pain[Eustachio] (6)]
  2070 | D:4      | Killed Eustachio
  2071 | D:4      | Reached skill level 7 in Armour
  2071 | D:4      | Reached skill level 4 in Dodging
  2072 | D:4      | Identified the +0 hand axe of Rubbish {vorpal, rElec rF++
                  | rCorr Str-3}
  2108 | D:4      | HP: 9/55 [gnoll sergeant/+0 spear of pain (5)]
  2112 | D:4      | HP: 1/55 [gnoll/+0 flail (7)]
  2112 | D:4      | Mangled by a gnoll sergeant

Vanquished Creatures
  Eustachio (D:4)
  A phantom (D:2)
  A scorpion (D:3)
  An orc priest (D:4)
  An iguana (D:4)
  3 adders
  2 gnolls (D:4)
  A worm (D:3)
  2 dart slugs
  4 orcs
  3 endoplasms
  2 giant cockroaches
  7 goblins
  7 hobgoblins
  6 kobolds
  A quokka (D:2)
  5 ball pythons
  8 bats
  4 frilled lizards
  7 rats
67 creatures vanquished.

Vanquished Creatures (others)
  3 fungi (D:1)
  A plant (D:1)
4 creatures vanquished.

Grand Total: 71 creatures vanquished

Table legend:
 A = Non-vault XP
 B = Vault XP
 C = Vault XP percentage of total XP
 D = Non-vault monster count
 E = Vault monster count
 F = Vault count percentage of total count
                 A         B        C        D         E       F
            +---------+---------+-------+---------+---------+-------
      Total |     411 |     226 |  35.5 |      63 |       4 |   6.0
            +---------+---------+-------+---------+---------+-------
        D:1 |      32 |       0 |   0.0 |      21 |       0 |   0.0
        D:2 |     146 |       1 |   0.7 |      18 |       1 |   5.3
        D:3 |     143 |       0 |   0.0 |      17 |       0 |   0.0
        D:4 |      90 |     225 |  71.4 |       7 |       3 |  30.0
            +---------+---------+-------+---------+---------+-------

Illustrated notes

Table legend:
 A = Kills in this place as a percentage of kills in entire the game.
 B = Kills by you in this place as a percentage of kills by you in the entire game.
 C = Kills by friends in this place as a percentage of kills by friends in the entire game.
 D = Other kills in this place as a percentage of other kills in the entire game.
 E = Experience gained in this place as a percentage of experience gained in the entire game.
 F = Experience gained in this place divided by the number of levels of this place that you have seen.
                   A       B       C       D       E      F
               +-------+-------+-------+-------+-------+----------------------
         Total | 100.0 | 100.0 |   N/A |   N/A | 100.0 | 159.2
       Dungeon | 100.0 | 100.0 |   N/A |   N/A | 100.0 | 159.2
               +-------+-------+-------+-------+-------+----------------------

Table legend: (Time is in decaauts)
 A = Elapsed time spent in this place.
 B = Non-inter-level travel time spent in this place.
 C = Inter-level travel time spent in this place.
 D = Time resting spent in this place.
 E = Time spent auto-exploring this place.
 F = Levels seen in this place.
 G = Mean time per level.
                   A        B        C        D        E       F      G
               +--------+--------+--------+--------+--------+-----+--------+
         Total |   2215 |   2139 |     76 |      0 |   1493 |   4 |  553.8 |
       Dungeon |   2215 |   2139 |     76 |      0 |   1493 |   4 |  553.8 |
               +--------+--------+--------+--------+--------+-----+--------+

Top non-repeatable levels by time:
     D:2: 698 daAuts
     D:1: 648 daAuts
     D:3: 510 daAuts
     D:4: 358 daAuts
